 Dungeon Crawl Stone Soup version 0.29.1-13-g9f3cf754e1 (webtiles) character file.

Game seed: 9329083362464992410

13 H0rd4k the Charlatan (level 2, 0/19 HPs)
             Began as an Octopode Artificer on Jan 30, 2023.
             Slain by a bat (1 damage)
             ... on level 1 of the Dungeon.
             The game lasted 00:01:12 (393 turns).

H0rd4k the Charlatan (Octopode Artificer)            Turns: 393, Time: 00:01:12

Health: 0/19       AC:  1    Str: 11    XL:     2   Next: 37%
Magic:  3/3        EV: 13    Int: 13    God:
Gold:   30         SH:  0    Dex: 12    Spells: 2/2 levels left

rFire   . . .      SeeInvis .   (no weapon)
rCold   . . .      Faith    .   (no shield)
rNeg    . . .      Spirit   .   (helmet restricted)
rPois   .          Reflect  .   (no amulet)
rElec   .          Harm     .   (no ring)
rCorr   .          Rampage  .   (no ring)
Will    .....                   (no ring)
Stlth   +++.......              (no ring)
HPRegen 0.06/turn               (no ring)
MPRegen 0.08/turn               (no ring)
                                (no ring)
                                (no ring)

@: no status effects
A: almost no armour, amphibious, 8 rings, camouflage 1, gelatinous body 1,
(nimble swimmer 1), tentacles
a: no special abilities


You were on level 1 of the Dungeon.
You visited 1 branch of the dungeon, and saw 1 of its levels.

You collected 30 gold pieces.

Inventory:

Missiles
 e - 3 datura-tipped darts
Wands
 b - a wand of flame (15) (quivered)
 c - a wand of charming (14)
 d - a wand of iceblast (5)
Scrolls
 a - a scroll of noise {unknown}
 f - a scroll of identify {unknown}
 g - a scroll of poison {unknown}
 i - a scroll of fear {unknown}
Potions
 h - a potion of heal wounds {unknown}


   Skills:
 * Level 1.9 Fighting
 - Level 2.3 Dodging
 - Level 1.3 Stealth
 + Level 0.1 Unarmed Combat
 * Level 0.8 Spellcasting
 - Level 3.2 Evocations


You had 2 spell levels left.
You didn't know any spells.
Your spell library contained the following spells:

 Spells                   Type           Power      Damage    Failure   Level
 Summon Small Mammal      Summ           0%         N/A       28%         1
 Call Canine Familiar     Summ           0%         N/A       65%         3
 Summon Guardian Golem    Hex/Summ       0%         N/A       65%         3


Dungeon Overview and Level Annotations

Branches:
Dungeon (1/15)

Altars:


Innate Abilities, Weirdness & Mutations

You cannot wear most types of armour.
You are amphibious.
You can wear up to eight rings at the same time.
Your skin changes colour to match your surroundings (Stealth+).
Your rubbery body absorbs attacks. (AC +1, EV +1)
((You are camouflaged when in or above water. (Stealth+)))
You have tentacles for arms and can constrict up to eight enemies at once.


Message History

The bat hits you but does no damage. The bat completely misses you.
The bat barely misses you. The endoplasm freezes you.
You are frozen.
The rat bites you.
* * * LOW HITPOINT WARNING * * *
You tentacle-slap the endoplasm.
You kill the endoplasm!
The bat hits you.
* * * LOW HITPOINT WARNING * * *
The rat barely misses you. The bat barely misses you.
The goblin attacks as you move away! The goblin closely misses you.
The bat hits you.
* * * LOW HITPOINT WARNING * * *
The rat attacks as you move away! The rat misses you.
The bat closely misses you. The bat attacks as you move away!
The bat hits you but does no damage. The bat barely misses you.
You tentacle-slap the bat but do no damage.
Your grab misses the bat. You squeeze the bat.
The bat is severely wounded.
The bat hits you.
* * * LOW HITPOINT WARNING * * *
The goblin barely misses you. The goblin attacks as you move away!
The goblin hits you with a +0 club.
* * * LOW HITPOINT WARNING * * *
The bat closely misses you. The rat bites you.
* * * LOW HITPOINT WARNING * * *
The bat hits you but does no damage. The bat attacks as you move away!
The bat hits you but does no damage. x2
The bat closely misses you.
You barely miss the bat. Your grab misses the bat.
Your tentacle-slap misses the bat.
The bat is severely wounded.
The bat barely misses you. x2
Aiming: Charm
Press: ? - help, Shift-Dir - straight line, f - bat
Aim: a bat (severely wounded, chance to affect: 73%)
The bat struggles to resist.
The bat hits you.
You die...

### ......$! #........#
.###.#.##.....#
..#.#?##.....#
...#.##.....# # #.(#@#
....# .# # #
####..#b#####.###.# .
#.......#g..........# #
#.#####..r........### #
#.................######..
#...†...#............†...#
#.......#..........#######
#....)..#!................
#.....###..........#######


You could see a goblin, a bat and a rat.

Vanquished Creatures
  A dart slug (D:1)
  2 endoplasms (D:1)
  A giant cockroach (D:1)
  A goblin (D:1)
  2 kobolds (D:1)
  A quokka (D:1)
  2 rats (D:1)
10 creatures vanquished.

Notes
Turn   | Place    | Note
-------+----------+-------------------------------------------
     0 | D:1      | H0rd4k the Octopode Artificer began the quest for the Orb.
     0 | D:1      | Reached XP level 1. HP: 13/13 MP: 1/1
    50 | D:1      | Found a faded altar of an unknown god.
   162 | D:1      | Reached XP level 2. HP: 12/19 MP: 2/2
   393 | D:1      | Slain by a bat

Illustrated notes

Levels and vault maps discovered:
D:1:      dpeg_arrival_tiny_f, layout_basic, serial_shops, nicolae_square_shop,
          shapermc_ecumenical_altar_starsandcircs

Action                   || total
-------------------------++-------
Melee: Unarmed           ||    31
       Tentacles         ||    14
       Constrict         ||     9
Evoke: Wand              ||     1
 Stab: Sleeping          ||     1
Armor: Skin              ||     7
Dodge: Dodged            ||    36
